 Dungeon Crawl Stone Soup version 0.22-a0-271-gc000056 (webtiles) character file.

504 varam the Chiller (level 6, 11/45 HPs)
             Began as a Demigod Ice Elementalist on Mar 11, 2018.
             Quit the game on level 4 of the Dungeon on Mar 12, 2018.
             The game lasted 00:14:20 (3845 turns).

varam the Chiller (Demigod Ice Elementalist)        Turns: 3845, Time: 00:14:21

Health: 11/45      AC:  3    Str: 15    XL:     6   Next: 64%
Magic:  7/12       EV: 13    Int: 19    God:
Gold:   192        SH:  0    Dex: 16    Spells: 7/10 levels left

rFire    . . .     SeeInvis .   n - +1 whip (drain)
rCold    . . .     Gourm    .   (no shield)
rNeg     . . .     Faith    .   s - +0 leather armour
rPois    .         Spirit   .   (no helmet)
rElec    .         Reflect  .   (no cloak)
rCorr    .         Harm     .   (no gloves)
MR       .....                  (no boots)
Stlth    ++........             (no amulet)
HPRegen  0.15/turn              (no ring)
MPRegen  0.13/turn              (no ring)

@: mildly poisoned (11 -> 11)
A: high mp 1
a: no special abilities


You were on level 4 of the Dungeon.
You were not hungry.

You visited 1 branch of the dungeon, and saw 5 of its levels.

You collected 192 gold pieces.

Inventory:

Hand Weapons
 n - a +1 whip of draining (weapon)
Missiles
 x - a throwing net (quivered)
Armour
 a - a +0 robe
 r - a +2 shield
 s - a +0 leather armour (worn)
 v - a +0 large shield
Jewellery
 d - an uncursed amulet of regeneration {unknown}
Scrolls
 e - 3 scrolls of remove curse {unknown}
 g - 5 scrolls of identify {unknown}
 i - a scroll of immolation {unknown}
 k - a scroll of enchant weapon {unknown}
 m - a scroll of magic mapping {unknown}
 q - a scroll of fog {unknown}
 t - a scroll of teleportation {unknown}
 u - a scroll of blinking {unknown}
Potions
 b - a potion of might {unknown}
 h - a potion of haste {unknown}
 j - 3 potions of curing {unknown}
 l - a potion of mutation {unknown}
 p - a potion of lignification
 w - a potion of resistance {unknown}
 z - a potion of invisibility {unknown}
Comestibles
 c - 8 rations
 f - 4 chunks of flesh


   Skills:
 - Level 2.6 Dodging
 - Level 2.7 Stealth
 + Level 1.2 Shields
 - Level 2.5 Spellcasting
 * Level 3.5 Conjurations
 * Level 4.9 Ice Magic


You had 7 spell levels left.
You knew the following spells:

 Your Spells              Type           Power        Failure   Level  Hunger
a - Freeze                Ice            ###.         2%          1    #......
b - Throw Frost           Conj/Ice       ###...       5%          2    ##.....


Dungeon Overview and Level Annotations

Branches:
Dungeon (5/15)
 Temple: D:4-7


Innate Abilities, Weirdness & Mutations

You have an increased reservoir of magic. (+10% MP)


Message History

You freeze the worker ant.
You kill the worker ant!
You feel sick.
You feel sick.
The phantom blinks!
You feel sick.
You feel sick.
There is a stone staircase leading down here.
You feel sick.
You climb downwards.
An orc priest and an orc wizard come into view.
The orc wizard shouts!
There is a stone staircase leading up here.
You climb upwards.
There is a stone staircase leading down here.
You feel sick.
You feel sick.
Welcome back, varam the Demigod Ice Elementalist.
Press ? for a list of commands and other information.
Are you sure you want to abandon this character and quit the game? (Confirm with "yes".)

###........<####..##..###.###
#...#####...####..##..###.###
#.#[.........................
#...########.###......###.###
##...# #.##............##
#.#.# #.##..)###..##....
#.#.# #.##>..###.)##.###
##...#######.##...........#
#.......)..#@##..####..##.#
#....#####.......####..##.#
#.#..# #................###
#.#>.# #..###.########.#...
#.#..## #..# #.# #.#.##
#.#...# #.W# #.# #.#.#
#.##..# #.>###.########.#.##
#.##..# ##..................#
#. #..# #.......########(#.##


You could see a phantom.

Vanquished Creatures
  An ogre (D:4)
  A bullfrog (D:2)
  A centaur skeleton (D:4)
  A hound (D:4)
  Natasha (thrice) (D:2)
  2 worker ants
  3 gnolls (D:3)
  5 adders
  3 oozes
  An adder skeleton (D:4)
  2 worms
  4 leopard geckos
  2 orcs
  6 giant cockroaches
  12 goblins
  6 hobgoblins
  3 jackals (D:4)
  A quokka (D:3)
  3 ball pythons
  8 bats
  9 frilled lizards
  9 kobolds
  7 rats
93 creatures vanquished.

Notes
Turn   | Place    | Note
-------+----------+-------------------------------------------
     0 | D:1      | varam the Demigod Ice Elementalist began the quest for the Orb.
     0 | D:1      | Reached XP level 1. HP: 14/14 MP: 5/5
    79 | D:1      | Reached skill level 2 in Stealth
   133 | D:1      | Reached skill level 2 in Dodging
   154 | D:1      | Reached skill level 2 in Spellcasting
   160 | D:1      | Reached XP level 2. HP: 17/20 MP: 0/7
   184 | D:1      | HP: 2/20 [hobgoblin (5)]
   726 | D:1      | Reached skill level 3 in Ice Magic
   981 | D:2      | Reached XP level 3. HP: 22/26 MP: 2/8
  1126 | D:2      | Noticed Natasha
  1135 | D:2      | Killed Natasha
  1263 | D:2      | Noticed Natasha
  1293 | D:2      | Killed Natasha
  1293 | D:2      | Reached XP level 4. HP: 8/33 MP: 4/10
  1367 | D:2      | Learned a level 2 spell: Throw Frost
  1517 | D:2      | Noticed Natasha
  1521 | D:2      | Killed Natasha
  1521 | D:2      | Reached skill level 1 in Conjurations
  1608 | D:2      | Noticed a bullfrog
  1618 | D:2      | Killed a bullfrog
  1618 | D:2      | Reached skill level 2 in Conjurations
  1618 | D:2      | Reached XP level 5. HP: 29/38 MP: 2/11
  1711 | D:2      | Found an iron altar of Okawaru.
  2124 | D:2      | Found a hide-covered altar of Uskayaw.
  2127 | D:2      | Found a stormy altar of Qazlal.
  2355 | D:3      | Reached skill level 4 in Ice Magic
  3238 | D:4      | Found a bloodstained altar of Trog.
  3381 | D:4      | Reached XP level 6. HP: 42/45 MP: 12/12
  3472 | D:4      | Reached skill level 3 in Conjurations
  3531 | D:4      | HP: 4/45 [worker ant (6)]
  3774 | D:4      | Reached skill level 1 in Shields
  3836 | D:5      | Entered Level 5 of the Dungeon
  3845 | D:4      | Quit the game

Vault maps used:
D:1:      saegor_arrival_simple_c, minmay_heptomino_w4
D:2:      okawaru_metal_pillars_1_2, amethyst_overflow_temple_binary,
          uniq_natasha
D:3:      lemuel_upstairs_altar, first_ration
D:4:      tso_oasis_becter, lightli_temple_of_fire, trog_hazing_becter
D:5:      lemuel_crystal_altar, minmay_temple_entry_junction_2

Skill      XL: |  1  2  3  4  5  6 |
---------------+-------------------+-----
Stealth        | 2 |  2.7
Dodging        | 2 |  2.6
Spellcasting   | 2 |  2.5
Ice Magic      | 3 4 |  4.9
Conjurations   | 2 3 |  3.5
Shields        | 1 |  1.2

Action                   |  1- 3 |  4- 6 || total
-------------------------+-------+-------++-------
Melee: Unarmed           |    43 |     2 ||    45
       Whip              |       |   119 ||   119
 Cast: Freeze            |    54 |    63 ||   117
       Throw Frost       |       |    17 ||    17
  Use: Potion            |     2 |     1 ||     3
 Stab: Sleeping          |     3 |     2 ||     5
  Eat: Chunk             |     2 |     9 ||    11
Armor: Robe              |    19 |     5 ||    24
       Skin              |     1 |       ||     1
       Leather armour    |       |    18 ||    18
Dodge: Dodged            |    63 |   126 ||   189

Table legend:
 A = Spawn XP
 B = Non-spawn XP
 C = Spawn XP percentage of total XP
 D = Spawn monster count
 E = Non-spawn monster count
 F = Spawn count percentage of total count
 G = Total turns spent on level
                    A         B        C        D         E        F      G
               +---------+---------+-------+---------+---------+-------+---------
         Total |       0 |     721 |   0.0 |       0 |      93 |   0.0 |  3845
               +---------+---------+-------+---------+---------+-------+---------
           D:1 |       0 |      41 |   0.0 |       0 |      24 |   0.0 |   924
           D:2 |       0 |     250 |   0.0 |       0 |      27 |   0.0 |  1355
           D:3 |       0 |     146 |   0.0 |       0 |      24 |   0.0 |  1114
           D:4 |       0 |     284 |   0.0 |       0 |      18 |   0.0 |   450
               +---------+---------+-------+---------+---------+-------+---------
